 Dungeon Crawl Stone Soup version 0.31-a0-627-gd65175cf8b (webtiles) character file.

Game seed: 78634823638298426

309 MacCMillion the Ruffian (level 6, -1/41 HPs)
             Began as an Octopode Shapeshifter on Aug 25, 2023.
             Slain by an orc
             ... wielding a +0 flail
              (9 damage)
             ... on level 4 of the Dungeon.
             The game lasted 00:03:56 (2944 turns).

MacCMillion the Ruffian (Octopode Shapeshifter)     Turns: 2944, Time: 00:03:57

Health: -1/41      AC:  1    Str: 15 (16) XL:     6   Next: 41%
Magic:  0/6        EV: 13    Int:  8 (9)  God:
Gold:   249        SH:  0    Dex: 12      Spells: 5/5 levels left

rFire   . .          .
                       - Unarmed
rCold   . . .        (no shield)
rNeg    . . .        (helmet currently unavailable)
rPois   .            d - amulet of guardian spirit
rElec   .            (no ring)
rCorr   .            (no ring)
SInv    .            (no ring)
Will    .....        (no ring)
Stlth   +++          (no ring)
HPRegen 0.26/turn    (no ring)
MPRegen 0.10/turn    (no ring)
                     (no ring)

%: guardian spirit
@: beast-form
A: beast (slay +1), almost no armour, amphibious, 8 rings, camouflage 1,
gelatinous body 1, (nimble swimmer 1), tentacles, antennae 1, deterioration 1,
dopey 1
a: Begin Untransformation


You were on level 4 of the Dungeon.
You were a hulking beast.
You visited 1 branch of the dungeon, and saw 4 of its levels.

You collected 249 gold pieces.

Inventory:

Jewellery
 d - an amulet of guardian spirit (around mantle)
Talismans
 b - a beast talisman (active)
 c - a flux talisman
 k - a maw talisman
Scrolls
 e - a scroll of fear {unknown}
 f - a scroll of torment {unknown}
 g - 2 scrolls of teleportation {unknown}
 h - a scroll of enchant weapon {unknown}
 i - a scroll of vulnerability {unknown}
 j - 2 scrolls of amnesia {unknown}
 l - a scroll of summoning {unknown}
 n - a scroll of identify {unknown}
 q - a scroll of blinking {unknown}
Potions
 a - 2 potions of lignification
 p - a potion of magic {unknown}


   Skills:
 + Level 2.8 Fighting
 + Level 3.3 Dodging
 + Level 3.7 Stealth
 * Level 5.0 Unarmed Combat
 - Level 3.0 Shapeshifting


You had 5 spell levels left.
You didn't know any spells.
Your spell library was empty.

Dungeon Overview and Level Annotations

Branches:
Dungeon (4/15)
 Temple: D:4-7

Altars:
Dithmenos
Zin


Innate Abilities, Weirdness & Mutations

You are a hulking beast.
Your limbs bulge with bestial killing power. (Slay +1)
You cannot wear most types of armour.
You are amphibious.
You can wear up to eight rings at the same time.
Your skin changes colour to match your surroundings (Stealth+).
Your rubbery body absorbs attacks. (AC +1, EV +1)
((You are camouflaged when in or above water. (Stealth+)))
You have tentacles for arms and can constrict up to eight enemies at once.
You have a pair of small antennae on your head.
Your body sometimes deteriorates upon taking damage.
You are dopey. (Int -2)


Message History

You barely miss the orc wizard. You grab the orc wizard.
You constrict the orc wizard, but do no damage.
The orc wizard casts a spell at you. The puff of flame hits you!
You are too injured to fight recklessly!
You are too injured to fight recklessly!
You are too injured to fight recklessly!
You tentacle-slap the orc wizard.
The orc wizard is heavily wounded.
You constrict the orc wizard.
The orc priest miscasts a cantrip.
The orc wizard hits you with a +0 dagger.
You tentacle-slap the orc wizard but do no damage.
Your tentacle-slap misses the orc wizard.
The orc wizard is heavily wounded.
You constrict the orc wizard.
The orc priest miscasts a cantrip.
The orc wizard mumbles some strange words.
The orc wizard flickers and vanishes!
Deactivating autopickup; reactivate with Ctrl-A.
You tentacle-slap something. You constrict something. You bludgeon something!
Reactivating autopickup.
You feel a bit more experienced.
You bludgeon the orc priest! You grab the orc priest.
The orc priest is heavily wounded.
You constrict the orc priest, but do no damage.
The orc priest closely misses you.
You tentacle-slap the orc priest. Your squeeze misses the orc priest.
The orc priest is severely wounded.
You constrict the orc priest.
The orc priest mumbles some strange prayers to Beogh against you.
Beogh smites you!
* * * LOW HITPOINT WARNING * * *
You tentacle-slap the orc priest.
You kill the orc priest!
Your Unarmed Combat skill increases to level 5!
You barely miss the orc. You grab the orc. You constrict the orc.
The orc hits you with a +0 flail!
You die...

#.# ###.....#.# #.#
#.###.#.# #>#
#.###.#.# # #.#
#.....#.# .# #.#
#####.#.# .#
#.#########.#.# .##
#.............# [..##
###########.###.....#
#..ho......
#####...... .#... .#
. #


You could see an orc.

Vanquished Creatures
  A scorpion (D:4)
  2 orc priests
  An iguana (D:3)
  2 orc wizards (D:4)
  A sleepcap (D:4)
  2 worms (D:2)
  3 dart slugs
  9 orcs
  4 endoplasms
  2 giant cockroaches
  9 goblins
  7 hobgoblins
  4 jackals (D:3)
  8 kobolds
  A quokka (D:2)
  5 ball pythons
  A bat (D:3)
  3 frilled lizards
  6 rats
71 creatures vanquished.

Notes
Turn   | Place    | Note
-------+----------+-------------------------------------------
     0 | D:1      | MacCMillion the Octopode Shapeshifter began the quest for
                  | the Orb.
     0 | D:1      | Reached XP level 1. HP: 13/13 MP: 1/1
   125 | D:1      | Reached XP level 2. HP: 18/18 MP: 2/2
   228 | D:1      | Reached skill level 1 in Stealth
   618 | D:1      | Reached XP level 3. HP: 23/23 MP: 3/3
  1234 | D:3      | Reached XP level 4. HP: 12/29 MP: 0/4
  1321 | D:3      | Reached skill level 4 in Unarmed Combat
  1481 | D:3      | Found a glowing silver altar of Zin.
  1481 | D:3      | Noticed an angel
  1826 | D:3      | Found a shadowy altar of Dithmenos.
  2051 | D:3      | Reached XP level 5. HP: 19/34 MP: 2/5
  2258 | D:3      | HP: 1/34 [poisoned by an orc]
  2260 | D:3      | Gained mutation: You are dopey. (Int -2) [potion of
                  | mutation]
  2260 | D:3      | Gained mutation: Your body sometimes deteriorates upon
                  | taking damage. [potion of mutation]
  2260 | D:3      | Gained mutation: You have a pair of small antennae on your
                  | head. [potion of mutation]
  2723 | D:4      | Reached XP level 6. HP: 39/41 MP: 3/6
  2944 | D:4      | Reached skill level 5 in Unarmed Combat
  2944 | D:4      | Slain by an orc

Illustrated notes

Levels and vault maps discovered:
D:1:      psy_arrival_conway, layout_basic
D:2:      layout_rooms
D:3:      cheibrodos_old_hovel, layout_loops_ring,
          nicolae_overflow_hidden_temple, zin_angel, kennysheep_orc_chapel
D:4:      layout_loops_ring

Skill      XL: |  1  2  3  4  5  6 |
---------------+-------------------+-----
Stealth        | 1 2 3 |  3.7
Fighting       | 2 |  2.8
Unarmed Combat | 4 5 |  5.0
Dodging        | 3 |  3.3
Shapeshifting  | |  3.0

Action                     |  1- 3 |  4- 6 || total
---------------------------+-------+-------++-------
  Melee: Unarmed           |    81 |    72 ||   153
         Constrict         |    20 |    21 ||    41
         Tentacles         |    16 |    12 ||    28
         Punch             |     2 |     1 ||     3
    Use: Potion            |       |     4 ||     4
   Stab: Sleeping          |     7 |     6 ||    13
         Distracted        |     1 |       ||     1
 Armour: Skin              |       |     3 ||     3
  Dodge: Dodged            |    45 |    32 ||    77

Table legend: (Time is in decaauts)
 A = Elapsed time spent in this place.
 B = Non-inter-level travel time spent in this place.
 C = Inter-level travel time spent in this place.
 D = Time resting spent in this place.
 E = Time spent auto-exploring this place.
 F = Levels seen in this place.
 G = Mean time per level.
                   A        B        C        D        E       F      G
               +--------+--------+--------+--------+--------+-----+--------+
         Total |   2932 |   2858 |     74 |    343 |   1929 |   4 |  733.0 |
       Dungeon |   2932 |   2858 |     74 |    343 |   1929 |   4 |  733.0 |
               +--------+--------+--------+--------+--------+-----+--------+

Top non-repeatable levels by time:
     D:3: 1067 daAuts
     D:2: 688 daAuts
     D:1: 644 daAuts
     D:4: 531 daAuts
